 Dungeon Crawl Stone Soup version 0.17-a0-755-g4391640 (webtiles) character file.

3404 wvc the Bludgeoner (level 10, -4/98 HPs)
             Began as an Ogre Wanderer on Apr 22, 2015.
             Was a Priest of Okawaru.
             Slain by an ogre
             ... wielding a +0 giant club
              (18 damage)
             ... on level 8 of the Dungeon.
             The game lasted 00:20:47 (8846 turns).

wvc the Bludgeoner (Ogre Wanderer)                  Turns: 8846, Time: 00:20:47

Health: -4/98      AC:  5    Str: 19    XL:     10   Next: 4%
Magic:  9/11       EV:  8    Int: 10    God:    Okawaru [***...]
Gold:   348        SH:  7    Dex: 13    Spells: 0 memorised, 9 levels left

rFire  + . .     SeeInvis .     A - +0 morningstar
rCold  . . .     Clarity  .     c - +0 robe
rNeg   . . .     SustAb   .     d - +0 shield
rPois  .         Gourm    .     (helmet restricted)
rElec  .         Spirit   .     l - +1 cloak
rCorr  .         Warding  .     (gloves unavailable)
rMut   .         Stasis   .     (boots unavailable)
MR     +....                    o - amulet of rage
Stlth  ++........               (no ring)
                                J - ring of protection from fire

@: slowed, very slow, somewhat resistant to hostile enchantments, unstealthy
A: unfitting armour, tough skin 1
a: Heroism, Renounce Religion, Evoke Berserk Rage


You were on level 8 of the Dungeon.
You worshipped Okawaru.
Okawaru was most pleased with you.
You were near starving.

You visited 2 branches of the dungeon, and saw 9 of its levels.

You collected 348 gold pieces.

Inventory:

Hand weapons
 i - a +0 blowgun
 p - a +1 hammer of venom
 s - a +1 giant spiked club
 A - a +0 morningstar (weapon)
Missiles
 q - 6 curare-tipped needles
 x - 61 poisoned needles
Armour
 c - a +0 robe (worn)
 d - a +0 shield (worn)
 l - a +1 cloak (worn)
Magical staves
 m - an uncursed staff of cold
Jewellery
 b - an uncursed amulet of resist corrosion
 o - an amulet of rage (around neck)
 J - a ring of protection from fire (left hand)
 K - a +4 ring of intelligence
Magical devices
 t - a wand of fire (5)
 v - a wand of random effects (19)
 B - a wand of disintegration (12)
 G - a wand of flame (17)
Scrolls
 n - a scroll of amnesia
 r - a scroll of fog
 y - 4 scrolls of recharging
 I - a scroll of remove curse
Potions
 a - a potion of restore abilities
 e - a potion of lignification {unknown}
 f - a potion of mutation {unknown}
 g - a potion of brilliance {unknown}
 h - 4 potions of curing
 j - a potion of magic
 k - a potion of ambrosia {unknown}
 w - a potion of cure mutation {unknown}
 C - a potion of agility {unknown}
 D - 2 potions of heal wounds {unknown}
 E - a potion of berserk rage {unknown}
 H - 2 potions of might {unknown}
Books
 L - a Young Poisoner's Handbook

   Spells                             Type                      Level
   a - Sting                          Conjuration/Poison           1
   b - Cure Poison                    Poison                       2
   c - Mephitic Cloud                 Conjuration/Poison/Air       3
   d - Olgreb's Toxic Radiance        Poison                       4
   e - Venom Bolt                     Conjuration/Poison           5
Comestibles
 u - 3 meat rations
 z - 4 bread rations


   Skills:
 + Level 5.8 Fighting
 * Level 15.0 Maces & Flails
   Level 2.9 Crossbows
 + Level 2.5 Throwing
 + Level 2.7 Dodging
 - Level 1.5 Stealth
 - Level 1.0 Shields
 + Level 1.8 Invocations
 + Level 1.2 Evocations


You had 9 spell levels left.
You didn't know any spells.

Dungeon Overview and Level Annotations

Branches:
Dungeon (8/15)             Temple (1/1) D:4
   Lair: D:8-11

Altars:
Ashenzari
Elyvilon
Nemelex Xobeh
Okawaru
Trog
Xom
Yredelemnul
The Shining One
Beogh


Innate Abilities, Weirdness & Mutations

You are too large for most types of armour.
You have tough skin (AC +1).


Message History

Erica looks slightly unstable.
You block the ogre's attack. The kobold barely misses you.
The jackal barely misses you. The jackal barely misses you.
Erica closely misses you.
You puncture Erica!
You kill Erica!
Okawaru is honoured by your kill.
Your Maces & Flails skill increases to level 15!
Your Dodging skill increases to level 2!
Your Evocations skill increases to level 1!
You have reached level 10!
You feel sick.
The kobold dissolves into shadows!
The jackal dissolves into shadows! x3
The ogre closely misses you.
You feel sick.
Found an escape hatch in the floor.
You feel sick. The ogre hits you with a giant club!!
* * * LOW HITPOINT WARNING * * *
Drink which item? (? for menu, Esc to quit)
You feel better. The ogre hits you with a giant club!!
You die...

#.. .....#.# ... # #.#
#.##.#.# ..... ##
#.###.##.#.# ...# # .##
#..##.##.#.###...#.#
..####...#.##.#.........#
..')).............).......
..####...#.##.##....(..##
.## #........##O###.(.# ##
##.....####@# #.# #
#.....# #.# # #.....# #.#
#.....# #.# #.....# #.#
###.## #.. # #.. # #.>
#### #..


You could see an ogre.

Vanquished Creatures
  Erica (D:8)
  A hungry ghost (D:7)
  2 orc warriors
  2 sky beasts
  4 ogres (D:6)
  2 big kobolds
  3 giant frogs (D:7)
  A gnoll sergeant (D:5)
  A scorpion (D:6)
  7 wights
  2 giant frog zombies
  A crimson imp (D:5)
  Crazy Yiuf (D:2)
  6 orc priests
  Ijyb (D:3)
  A hound (D:5)
  2 jellies
  A centaur skeleton (D:5)
  3 iguanas
  An orc wizard (D:7)
  5 worker ants
  A hound skeleton (D:8)
  A worker ant zombie (D:8)
  7 gnolls
  12 adders
  A shadow imp (D:5)
  2 oozes
  2 worms
  10 giant geckos
  34 orcs
  4 giant cockroaches
  10 goblins
  13 hobgoblins
  7 jackals
  26 kobolds
  3 quokkas
  12 bats
  3 giant gecko skeletons (D:4)
  10 giant newts
  A giant spore (D:7)
  16 rats
  2 ballistomycetes (D:7)
225 creatures vanquished.

Notes
Turn   | Place    | Note
--------------------------------------------------------------
     0 | D:1      | wvc, the Ogre Wanderer, began the quest for the Orb.
     0 | D:1      | wvc set off with: a +2 dagger, a potion of haste, a +0 robe, a +0 shield, a bread ration
     0 | D:1      | Reached XP level 1. HP: 19/19 MP: 1/1
   169 | D:1      | Reached XP level 2. HP: 27/29 MP: 2/2
   219 | D:1      | Reached skill level 1 in Maces & Flails
   920 | D:1      | Reached skill level 3 in Fighting
  1056 | D:1      | Reached XP level 3. HP: 33/37 MP: 3/3
  1653 | D:2      | Reached skill level 4 in Fighting
  1653 | D:2      | Reached XP level 4. HP: 35/48 MP: 4/4
  1706 | D:2      | Found a basalt altar of Yredelemnul.
  1768 | D:2      | Noticed Crazy Yiuf
  1783 | D:2      | Killed Crazy Yiuf
  2357 | D:3      | Reached XP level 5. HP: 50/55 MP: 5/5
  2378 | D:3      | Noticed a sky beast
  2389 | D:3      | Killed a sky beast
  2389 | D:3      | Reached skill level 5 in Fighting
  2525 | D:3      | Reached skill level 5 in Maces & Flails
  2525 | D:3      | Reached XP level 6. HP: 22/66 MP: 6/6
  2782 | D:3      | Found a roughly hewn altar of Beogh.
  2795 | D:3      | Reached skill level 6 in Maces & Flails
  3119 | D:3      | Noticed Ijyb
  3126 | D:3      | Killed Ijyb
  3231 | D:3      | Reached skill level 7 in Maces & Flails
  3676 | D:4      | Reached XP level 7. HP: 69/72 MP: 7/7
  4019 | D:4      | Found a staircase to the Ecumenical Temple.
  4027 | Temple   | Entered the Ecumenical Temple
  4053 | Temple   | Became a worshipper of Warmaster Okawaru
  4464 | D:4      | Reached skill level 8 in Maces & Flails
  4668 | D:5      | Entered Level 5 of the Dungeon
  5126 | D:5      | Reached skill level 9 in Maces & Flails
  5203 | D:5      | Acquired Okawaru's first power
  5540 | D:5      | Reached skill level 10 in Maces & Flails
  5540 | D:5      | Reached XP level 8. HP: 66/81 MP: 8/8
  5896 | D:6      | Reached skill level 11 in Maces & Flails
  6443 | D:6      | Reached skill level 12 in Maces & Flails
  6443 | D:6      | Reached skill level 1 in Throwing
  6957 | D:7      | Found a sparkling altar of Nemelex Xobeh.
  6994 | D:6      | Reached XP level 9. HP: 68/88 MP: 6/9
  7466 | D:7      | Reached skill level 13 in Maces & Flails
  7675 | D:7      | Found a shimmering altar of Xom.
  8007 | D:7      | Reached skill level 14 in Maces & Flails
  8342 | D:8      | Reached skill level 1 in Invocations
  8825 | D:8      | Noticed Erica
  8843 | D:8      | Killed Erica
  8843 | D:8      | Reached skill level 15 in Maces & Flails
  8843 | D:8      | Reached skill level 1 in Evocations
  8843 | D:8      | Reached XP level 10. HP: 33/98 MP: 9/11
  8846 | D:8      | Slain by an ogre

Action                   |  1- 3 |  4- 6 |  7- 9 | 10-12 || total
-------------------------+-------+-------+-------+-------++-------
Melee: Dagger            |    16 |       |       |       ||    16
       Whip              |    75 |       |       |       ||    75
       Mace              |    57 |     1 |       |       ||    58
       Hammer            |       |   163 |   321 |       ||   484
       Morningstar       |       |       |   182 |       ||   182
 Fire: Blowgun           |       |       |    21 |       ||    21
Throw: Throwing net      |       |       |     1 |       ||     1
Invok: Heroism           |       |       |     7 |       ||     7
Evoke: Wand              |       |       |     7 |       ||     7
  Use: Scroll            |     9 |     1 |     5 |       ||    15
       Potion            |       |     3 |     1 |     1 ||     5
 Stab: Sleeping          |       |       |     3 |       ||     3
  Eat: Chunk             |     1 |     4 |    13 |       ||    18
       Bread ration      |     1 |       |     1 |       ||     2
       Beef jerky        |       |       |     1 |       ||     1
